 Dungeon Crawl Stone Soup version 0.17-a0-1479-g4041c36 (webtiles) character file.

212 Gorice the Ruffian (level 5, -1/45 HPs)
             Began as a Troll Wanderer on July 2, 2015.
             Killed from afar by Natasha (2 damage)
             ... with a magic dart
             ... on level 2 of the Dungeon on July 3, 2015.
             The game lasted 00:05:39 (1017 turns).

Gorice the Ruffian (Troll Wanderer)                 Turns: 1017, Time: 00:05:40

Health: -1/45      AC:  5    Str: 18    XL:     5   Next: 58%
Magic:  5/5        EV: 10    Int: 10    God:
Gold:   58         SH:  0    Dex: 10    Spells: 0 memorised, 6 levels left

rFire  . . .     SeeInvis .       - Unarmed
rCold  . . .     Clarity  .     c - +0 robe
rNeg   . . .     SustAt   .     (no shield)
rPois  .         Gourm    +     (helmet restricted)
rElec  .         Spirit   .     (no cloak)
rCorr  .         Warding  .     (gloves unavailable)
rMut   .         Stasis   .     (boots unavailable)
MR     .....                    (no amulet)
Stlth  +.........               (no ring)
                                (no ring)

@: slowed, very slow, not resistant to hostile enchantments, very unstealthy
A: unfitting armour, claws 3, fast metabolism 3, gourmand, regeneration 2,
shaggy fur 1, tough skin 2
a: no special abilities


You were on level 2 of the Dungeon.
You were completely stuffed.

You visited 1 branch of the dungeon, and saw 2 of its levels.

You collected 58 gold pieces.

Inventory:

Hand weapons
 b - a +0 spear
 h - a +2 dagger of freezing
   (You took it off a goblin on level 1 of the Dungeon)
Armour
 c - a +0 robe (worn)
Scrolls
 f - 3 scrolls of remove curse
Potions
 g - 3 potions of flight
Books
 a - a book of Minor Magic
Comestibles
 d - 3 bread rations {!e}
 i - 9 chunks of flesh


   Skills:
 - Level 2.4 Dodging
 - Level 1.0 Stealth
 * Level 5.4 Unarmed Combat
 - Level 1.2 Spellcasting
   Level 1.0 Necromancy
   Level 1.3 Ice Magic
   Level 1.0 Evocations


You had 6 spell levels left.
You didn't know any spells.

Dungeon Overview and Level Annotations

Branches:
Dungeon (2/15)

Altars:
Fedhas

Annotations:
D:2 Natasha, Terence


Innate Abilities, Weirdness & Mutations

You are too large for most types of armour.
You have claws for hands.
Your metabolism is lightning-fast.
You like to eat raw meat.
You heal very quickly.
You are covered in fur (AC +1).
You have very tough skin (AC +2).


Message History

Natasha glows brightly for a moment.
You closely miss Natasha. Natasha claws you but does no damage.
You scratch Natasha.
Natasha begins to bleed from her wounds!
Natasha is moderately wounded.
Natasha stares at you and mumbles some strange words.
You resist with some effort. Natasha claws you.
Damage: 3 (max 3)
You scratch Natasha but do no damage.
Natasha is moderately wounded.
Natasha closely misses you.
You closely miss Natasha.
Natasha is moderately wounded.
Natasha claws you but does no damage.
You claw Natasha!
Natasha is almost dead.
Natasha zaps a wand.
The puff of flame hits you!
It is a wand of flame.
Natasha zaps a wand.
The puff of flame hits you!
Damage: 14 (max 14)
You closely miss Natasha.
Natasha is severely wounded.
Natasha zaps a wand.
The puff of flame hits you! The gnoll closely misses you.
Something hits you but does no damage.
Damage: 4 (max 14)
You scratch Natasha but do no damage.
Natasha is severely wounded.
Natasha barely misses you. Something hits you.
Damage: 6 (max 14) Natasha casts a spell at you.
You feel yourself slow down.
Natasha zaps a wand.
The puff of flame hits you!
Natasha zaps a wand.
The puff of flame hits you!
* * * LOW HITPOINT WARNING * * *
The gnoll closely misses you.
Damage: 9 (max 14) Natasha casts a spell.
Natasha zaps a wand.
The puff of flame hits you!
* * * LOW HITPOINT WARNING * * *
Damage: 2 (max 14) Unknown command.
Natasha zaps a wand.
The puff of flame hits you!
* * * LOW HITPOINT WARNING * * *
Damage: 8 (max 14) Unknown command.
Drink which item? (? for menu, Esc to quit)
Okay, then.
Natasha is no longer bleeding.
Natasha casts a spell at you. The magic dart hits you!
You die...

#.......#..# #.......###
♣.......♣..# #.......###
#......g...# #.........
#♣.....♣.#.####.#.##.###
#.♣.♣...g.g...........#
#.....###h#####..♣♣♣#.
###...# #.# #.♣..P♣
#.#.###.# #.♣♣P♣♣
#.....@.# #.♣..P♣
#..P.P..# #.♣..P♣
#..._...# #.♣..♣♣
#..P.P..# ##..♣.♣
######.......####.....#
#<.[..............#####
###################


You could see Natasha and a gnoll.

Vanquished Creatures
  Sigmund (D:2)
  An adder (D:2)
  2 oozes (D:1)
  A worm (D:2)
  2 giant geckos (D:1)
  5 bats (D:1)
  A giant cockroach (D:2)
  5 goblins
  4 hobgoblins
  A kobold (D:1)
  2 quokkas (D:2)
  6 giant newts
  4 rats (D:1)
35 creatures vanquished.

Notes
Turn   | Place    | Note
--------------------------------------------------------------
     0 | D:1      | Gorice the Troll Wanderer began the quest for the Orb.
     0 | D:1      | Gorice set off with: a book of Minor Magic, a +0 spear, a +0 robe, 2 bread rations {!e}
     0 | D:1      | Reached XP level 1. HP: 16/16 MP: 1/1
    68 | D:1      | Reached skill level 1 in Unarmed Combat
   154 | D:1      | Reached XP level 2. HP: 24/24 MP: 2/2
   193 | D:1      | Reached skill level 2 in Unarmed Combat
   597 | D:1      | Reached XP level 3. HP: 29/31 MP: 3/3
   765 | D:2      | Found a blossoming altar of Fedhas.
   773 | D:2      | Noticed Natasha
   838 | D:2      | Reached skill level 3 in Unarmed Combat
   861 | D:2      | Noticed Sigmund
   878 | D:2      | Killed Sigmund
   878 | D:2      | Reached skill level 5 in Unarmed Combat
   878 | D:2      | Reached XP level 4. HP: 33/39 MP: 4/4
   878 | D:2      | Reached XP level 5. HP: 38/45 MP: 5/5
   976 | D:2      | Upgraded the game from 0.17-a0-1475-g9f81d98 to 0.17-a0-1479-g4041c36
   980 | D:2      | Noticed Terence
  1014 | D:2      | HP: 11/45 [Natasha/wand of flame (4)]
  1016 | D:2      | HP: 1/45 [Natasha/wand of flame (9)]
  1017 | D:2      | Killed from afar by Natasha

Vault maps used:
D:1:      dpeg_arrival_lava_altar
D:2:      fedhas_altar_1, serial_forest, infiniplex_forest_clump_tiny,
          infiniplex_forest_end_1, infiniplex_forest_clump_medium,
          infiniplex_forest_zigzag_1, infiniplex_forest_end_3,
          infiniplex_forest_lined_ring, infiniplex_forest_corner_2, uniq_iyjb,
          uniq_natasha, uniq_terence, uniq_sigmund

Action                   |  1- 3 |  4- 6 || total
-------------------------+-------+-------++-------
Melee: Unarmed           |   107 |    33 ||   140
  Use: Scroll            |     3 |       ||     3
       Potion            |     1 |       ||     1
 Stab: Sleeping          |     2 |     1 ||     3
  Eat: Chunk             |    13 |     2 ||    15

Table legend:
 A = Turns spent in this place as a percentage of turns spent in the entire game.
 B = Non-inter-level travel turns spent in this place as a percentage of non-inter-level travel turns spent in the entire game.
 C = Inter-level travel turns spent in this place as a percentage of turns spent in this place.
 D = Turns resting spent in this place as a percentage of non-inter-level travel turns spent in this place.
 E = Turns spent auto-exploring this place as a percentage of non-inter-level travel turns spent in this place.
 F = Non-inter-level travel turns spent in this place divided by the number of levels of this place that you've seen.
                   A       B       C       D       E      F
               +-------+-------+-------+-------+-------+----------------------
         Total | 100.0 | 100.0 |   0.2 |   0.0 |   8.5 | 230.0
       Dungeon | 100.0 | 100.0 |   0.2 |   0.0 |   8.5 | 230.0
               +-------+-------+-------+-------+-------+----------------------

Vault maps used:
D:1:      dpeg_arrival_lava_altar
D:2:      fedhas_altar_1, serial_forest, infiniplex_forest_clump_tiny,
          infiniplex_forest_end_1, infiniplex_forest_clump_medium,
          infiniplex_forest_zigzag_1, infiniplex_forest_end_3,
          infiniplex_forest_lined_ring, infiniplex_forest_corner_2, uniq_iyjb,
          uniq_natasha, uniq_terence, uniq_sigmund
